 Dungeon Sprint DCSS version 0.23.1 (webtiles) character file.

Game seed: 5077411981977181988

54 wilfster70 the Martial Artist (level 6, -9/39 HPs)
             Began as an Octopode Transmuter on Mar 12, 2019.
             Was an Initiate of Gozag.
             Mangled by a queen bee (19 damage)
             ... in the Dungeon (Sprint VI: "Thunderdome").
             The game lasted 00:05:33 (359 turns).

wilfster70 the Martial Artist (Octopode Transmuter)  Turns: 359, Time: 00:05:34

Health: -9/39      AC:  1    Str:  4    XL:     6   Next: 89%
Magic:  23/24      EV: 15    Int: 17    God:    Gozag
Gold:   238        SH:  3    Dex: 14    Spells: 16/17 levels left

rFire    + . .     SeeInvis +     - Unarmed
rCold    x . .     Gourm    .   m - +0 buckler
rNeg     . . .     Faith    .   (helmet restricted)
rPois    +         Spirit   .   (no amulet)
rElec    .         Reflect  .   n - ring "Qogan" {*Drain Str-6 Dex+2 SInv} (curse)
rCorr    +         Harm     .   (no ring)
MR       ++...     NoTele   +   p - ring of Nohics {rCorr Stlth+}
Stlth    +++.......             q - ring "Tytaext" {rPois MP+9}
HPRegen  0.13/turn              r - ring "Wydghoary" {Fire rPois MR++}
MPRegen  0.19/turn              (no ring)
                                (no ring)
                                (no ring)

@: appendage
A: almost no armour, stealthy swim, amphibious, 8 rings, constrict 8, tentacle
spike 3, camouflage 1, gelatinous body 1
a: End Transformation, Potion Petition, Call Merchant, Bribe Branch, Renounce
Religion


You were in the Dungeon.
You worshipped Gozag.
Gozag was aware of your devotion.
You were not hungry.
One of your tentacles had a temporary spike.
You visited 1 branch You collected 667 gold pieces.
You spent 429 gold pieces at shops.

Inventory:

Missiles
 a - 12 arrows
Armour
 m - a +0 buckler (worn)
Jewellery
 n - the cursed ring "Qogan" (left tentacle) {*Drain Str-6 Dex+2 SInv}
   (You bought it in a shop in the Dungeon)

   [ring of strength]

   It affects your strength (-6).
   It affects your dexterity (+2).
   It lets you see invisible.
   It causes draining when unequipped.
   It has a curse placed upon it.
 o - the ring "Bejagud" {rF+ rN+ MR+ Int-5 Stlth+}
   (You bought it in a shop in the Dungeon)

   [ring of positive energy]

   It affects your intelligence (-5).
   It protects you from fire.
   It protects you from negative energy.
   It affects your resistance to hostile enchantments.
   It makes you more stealthy.
 p - the ring of Nohics (on tentacle) {rCorr Stlth+}
   (You bought it in a shop in the Dungeon)

   [ring of resist corrosion]

   It makes you more stealthy.
 q - the ring "Tytaext" (on tentacle) {rPois MP+9}
   (You bought it in a shop in the Dungeon)

   [ring of magical power]

   It protects you from poison.
   It affects your magic capacity (+9).
 r - the ring "Wydghoary" (on tentacle) {Fire rPois MR++}
   (You bought it in a shop in the Dungeon)

   [ring of fire]

   It enhances your fire magic.
   It protects you from fire.
   It makes you vulnerable to cold.
   It protects you from poison.
   It affects your resistance to hostile enchantments.
Wands
 j - a wand of acid (3)
 k - a wand of iceblast (1)
Scrolls
 i - 4 scrolls of blinking
 l - 3 scrolls of fog
 s - 3 scrolls of identify
Potions
 b - a potion of resistance
 d - a potion of curing
 e - 3 potions of heal wounds
 f - 4 potions of haste
 g - 2 potions of magic
 h - a potion of berserk rage
Comestibles
 c - a ration


   Skills:
 + Level 1.7 Fighting
 - Level 5.6 Dodging
 - Level 0.1 Stealth
 + Level 0.0 Shields
 * Level 10.4 Unarmed Combat
 + Level 6.0 Spellcasting
 + Level 5.5 Transmutations
 - Level 2.2 Evocations


You had 16 spell levels left.
You knew the following spells:

 Your Spells              Type           Power        Failure   Level  Hunger
a - Beastly Appendage     Tmut           ###...       2%          1    None

Your spell library contained the following spells:

 Spells                   Type           Power        Failure   Level  Hunger
 Sticks to Snakes         Tmut           ###.....     3%          2    None
 Spider Form              Tmut/Pois      ##........   21%         3    ##.....
 Blade Hands              Tmut           ###.......   52%         5    #####..
 Ice Form                 Ice/Tmut       ##......     56%         4    ####...


Dungeon Overview and Level Annotations

Branches:
Dungeon (1/1)

Altars:
Cheibriados
Dithmenos
Fedhas
Gozag
Kikubaaqudgha
Makhleb
Okawaru
Qazlal
Ru
Sif Muna
Trog
Uskayaw
Vehumet
Wu Jian
Xom
Yredelemnul
Zin
The Shining One
Beogh
Jiyva
Lugonu

Shops:
D *[%??*?*:[((!!!!


Innate Abilities, Weirdness & Mutations

You cannot wear most types of armour.
You are very stealthy in the water. (Stealth+)
You are amphibious.
You can wear up to eight rings at the same time.
You can use your tentacles to constrict eight enemies at once.
Your skin changes colour to match your surroundings (Stealth+).
Your rubbery body absorbs attacks. (AC +1, EV +1)
One of your tentacles bears a large vicious spike.


Message History

You block the killer bee's attack. The killer bee misses you.
The queen bee calls on the killer bee to defend it!
The killer bee goes berserk!
The killer bee stings you.
You closely miss the killer bee. You grab the killer bee.
You pierce the killer bee, but do no damage.
You constrict the killer bee, but do no damage.
The killer bee stings you. The killer bee stings you! x2
You tentacle-slap the killer bee.
The killer bee is lightly wounded.
You constrict the killer bee, but do no damage.
The killer bee closely misses you. The killer bee misses you.
The queen bee stings you.
You tentacle-slap the killer bee.
The killer bee is moderately wounded.
You constrict the killer bee. The killer bee stings you.
* * * LOW HITPOINT WARNING * * *
The killer bee closely misses you. The queen bee stings you!!
You die...
Your body crumbles into a pile of gold.

##### ##⌠§⌠## #.....# ##.....##
##∩.....∩## #∩..y....∩#
#_.y@...._# #_......._#
#_.....)._# ###.........###
#§...........⌠#
######.8........[8.######
##∩___......###...[..__.∩##
###∩........8.# #.8[.......∩###
##.............###.............#


You could see a queen bee and a killer bee (berserk).

Vanquished Creatures
  Sigmund (D)
  2 necrophages (D)
  A wight (D)
  Jessica (D)
  Terence (D)
  An orc (D)
  A bat skeleton (D)
  A goblin (D)
  A giant cockroach zombie (D)
  A quokka zombie (D)
11 creatures vanquished.

Notes
Turn   | Place    | Note
-------+----------+-------------------------------------------
     0 | D        | wilfster70 the Octopode Transmuter began the quest for the
                  | Orb.
     0 | D        | Reached XP level 1. HP: 13/13 MP: 3/3
     0 | D        | Found a shimmering altar of Xom.
     0 | D        | Found a shadowy altar of Dithmenos.
     4 | D        | Found a burning altar of Makhleb.
     4 | D        | Found a corrupted altar of Lugonu.
     5 | D        | Found an opulent altar of Gozag.
     5 | D        | Found a viscous altar of Jiyva.
     5 | D        | Round 1.
     6 | D        | Found an iron altar of Okawaru.
     6 | D        | Found a hide-covered altar of Uskayaw.
     6 | D        | Found Wegh's Staff Store.
     6 | D        | Found Riewitao's Magic Scroll Shop.
     7 | D        | Found Fuerin's Must-Have Magic.
     7 | D        | Found Iluo's Magic Scroll Shop.
    23 | D        | Noticed Terence
    24 | D        | Found a deep blue altar of Sif Muna.
    26 | D        | Found an ornate altar of the Wu Jian Council.
    41 | D        | Killed Terence
    41 | D        | Reached skill level 5 in Unarmed Combat
    41 | D        | Reached XP level 2. HP: 2/18 MP: 3/6
    41 | D        | Reached XP level 3. HP: 2/23 MP: 3/7
    46 | D        | Noticed Jessica
    48 | D        | Killed Jessica
    53 | D        | Found Hepner's Distillery.
    54 | D        | Found Ufirchy's Distillery.
    54 | D        | Found Xogebby's Bottled Wisdom.
    57 | D        | Found a basalt altar of Yredelemnul.
    57 | D        | Found an ancient bone altar of Kikubaaqudgha.
    57 | D        | Found a sacrificial altar of Ru.
    57 | D        | Found Wanumesk's Do-It-Yourself Clinic.
    62 | D        | Noticed Sigmund
    63 | D        | Killed Sigmund
    63 | D        | Reached skill level 8 in Unarmed Combat
    63 | D        | Reached skill level 1 in Evocations
    63 | D        | Reached XP level 4. HP: 5/28 MP: 6/10
    63 | D        | Reached XP level 5. HP: 6/33 MP: 7/12
    91 | D        | Found a snail-covered altar of Cheibriados.
    96 | D        | Found a glowing golden altar of the Shining One.
    96 | D        | Found Ujyr's Weapon Rack.
    97 | D        | Found Qiehis's Basic Armour.
    97 | D        | Found Ziegiff's Miscellaneous Merchandise.
    98 | D        | Found a roughly hewn altar of Beogh.
    98 | D        | Found a blossoming altar of Fedhas.
    98 | D        | Found Gisim's Premium Goods.
   103 | D        | Found a bloodstained altar of Trog.
   104 | D        | Found a stormy altar of Qazlal.
   105 | D        | Found a radiant altar of Vehumet.
   106 | D        | Found Doanugiami's Identification Station.
   106 | D        | Found a glowing silver altar of Zin.
   106 | D        | Found Natuggyrph's Delicious Food.
   107 | D        | Found Uruery's Advanced Armour.
   107 | D        | Found Kouvaeni's Jewellery.
   125 | D        | Became a worshipper of Gozag Ym Sagoz the Greedy
   129 | D        | Arena points: 12 (+12) [x2]
   149 | D        | Bought a pitted bronze ring for 45 gold pieces
   149 | D        | Bought a sparkling glass ring for 45 gold pieces
   149 | D        | Bought a wavering marble ring for 45 gold pieces
   149 | D        | Bought a twitching lead ring for 45 gold pieces
   149 | D        | Bought a shimmering amber ring for 45 gold pieces
   149 | D        | Identified the cursed ring "Qogan" {*Drain Str-6 Dex+2
                  | SInv} (You bought it in a shop in the Dungeon)
   150 | D        | Identified the ring "Bejagud" {rF+ rN+ MR+ Int-5 Stlth+}
                  | (You bought it in a shop in the Dungeon)
   151 | D        | Identified the ring of Nohics {rCorr Stlth+} (You bought it
                  | in a shop in the Dungeon)
   152 | D        | Identified the ring "Tytaext" {rPois MP+9} (You bought it
                  | in a shop in the Dungeon)
   153 | D        | Identified the ring "Wydghoary" {Fire rPois MR++} (You
                  | bought it in a shop in the Dungeon)
   168 | D        | Round 2.
   211 | D        | Noticed a necrophage
   217 | D        | Killed a necrophage
   217 | D        | Reached skill level 5 in Dodging
   217 | D        | Reached skill level 9 in Unarmed Combat
   217 | D        | Reached skill level 5 in Spellcasting
   217 | D        | Reached skill level 5 in Transmutations
   217 | D        | Reached XP level 6. HP: 22/38 MP: 14/14
   252 | D        | Noticed a necrophage
   270 | D        | Killed a necrophage
   270 | D        | Reached skill level 10 in Unarmed Combat
   286 | D        | Arena points: 54 (+42) [x3]
   317 | D        | Bought a +0 buckler for 54 gold pieces
   340 | D        | Bought 3 scrolls of identify for 150 gold pieces
   349 | D        | Round 3.
   352 | D        | Noticed a queen bee
   359 | D        | Mangled by a queen bee

Skill      XL: |  1  2  3  4  5  6 |
---------------+-------------------+-----
Unarmed Combat | 5 8 9 10 | 10.4
Spellcasting   | 3 4 5 6 |  6.0
Dodging        | 4 5 |  5.6
Transmutations | 4 5 |  5.5
Evocations     | 1 2 |  2.2
Fighting       | |  1.7
Stealth        | |  0.1

Action                   |  1- 3 |  4- 6 || total
-------------------------+-------+-------++-------
Melee: Unarmed           |     8 |    22 ||    30
       Tentacles         |     3 |     2 ||     5
       Kick              |     2 |     1 ||     3
       Punch             |     2 |     1 ||     3
       Constrict         |     1 |     7 ||     8
 Cast: Beastly Appendage |     1 |     2 ||     3
Evoke: Wand              |     3 |     3 ||     6
  Use: Potion            |       |     1 ||     1
Armor: Skin              |       |     1 ||     1
Dodge: Dodged            |     4 |    17 ||    21
Block: Buckler           |       |     1 ||     1
